 Dungeon Crawl Stone Soup version 0.31-a0-229-g1fc7ce93e2 (webtiles) character file.

Game seed: 9665462238896814706

140 qw the Shooter (level 5, -3/30 HPs)
             Began as a Gargoyle Hexslinger on July 6, 2023.
             Splashed by a jelly's acid (7 damage)
             ... on level 3 of the Dungeon.
             The game lasted 00:00:56 (1986 turns).

qw the Shooter (Gargoyle Hexslinger)                Turns: 1986, Time: 00:00:56

Health: -3/30      AC:  1    Str: 11 (12) XL:     5   Next: 22%
Magic:  6/6        EV: 10    Int: 10 (13) God:
Gold:   30         SH:  0    Dex: 13 (14) Spells: 5/6 levels left

rFire   . . .        Y - +1 sling
rCold   . . .        (no shield)
rNeg    + . .        h - +0 ring mail
rPois   inf          (no helmet)
rElec   +            (no cloak)
rCorr   .            (no gloves)
SInv    .            (no boots)
Will    +....        (no amulet)
Stlth   +            f - +4 ring of protection
HPRegen 0.25/turn    b - ring of willpower
MPRegen 0.10/turn

%: no passive effects
@: corroded
A: sickness immunity, AC +4, negative energy resistance 1, electricity
resistance, torment resistance 1, petrification resistance
a: no special abilities


You were on level 3 of the Dungeon.
You visited 1 branch of the dungeon, and saw 3 of its levels.

You collected 118 gold pieces.
You spent 88 gold pieces at shops.


Innate Abilities, Weirdness & Mutations

You are immune to sickness and miasma.
Your stone body is resilient. (AC +4)
You are immune to poison.
You resist negative energy. (rN+)
You are resistant to electric shocks. (rElec)
You are resistant to unholy torment.
You are immune to petrification.


   Skills:
 - Level 2.0 Fighting
 + Level 4.8 Ranged Weapons
 - Level 1.0 Armour
 - Level 1.5 Dodging
 - Level 1.0 Spellcasting
 - Level 2.6 Hexes


You had 5 spell levels left.
You knew the following spells:

 Your Spells              Type           Power      Damage    Failure   Level
a - Slow                  Hex            20%        N/A       26%         1

Your spell library contained the following spells:

 Spells                   Type           Power      Damage    Failure   Level
 Inner Flame              Hex/Fire       3%         N/A       80%         3
 Portal Projectile        Hex/Tloc       6%         N/A       80%         3
 Cause Fear               Hex            2%         N/A       95%         4

Inventory:

Hand Weapons
 Y - a +1 sling (weapon)
Armour
 h - a +0 ring mail (worn)
Jewellery
 b - a ring of willpower (right hand)
 f - a +4 ring of protection (left hand)
Wands
 a - a wand of digging (8)
Scrolls
 c - 2 scrolls of identify
Potions
 d - 2 potions of curing
 e - 2 potions of berserk rage {unknown}
 g - a potion of enlightenment {unknown}

Dungeon Overview and Level Annotations

Branches:
Dungeon (3/15)

Altars:

Shops:
D:2 ?


Message History

You shoot a sling bullet. The sling bullet hits the jelly.
The jelly is lightly wounded.
The endoplasm hits the fungus. x2; The endoplasm hits the toadstool.
The endoplasm hits the fungus.
The endoplasm closely misses you. The jelly hits you but does no damage.
You shoot a sling bullet. The sling bullet hits the jelly.
The jelly is heavily wounded.
A nearby fungus withers and dies.
The jelly misses you.
The endoplasm hits the fungus.
The endoplasm hits the toadstool.
The toadstool is destroyed!
The endoplasm closely misses you.
The endoplasm hits the toadstool but does no damage.
The jelly hits you but does no damage. The endoplasm freezes you.
You are frozen.
You shoot a sling bullet. The sling bullet hits the jelly.
The jelly is severely wounded.
A nearby fungus withers and dies.
The jelly hits you but does no damage. The endoplasm barely misses you.
You shoot a sling bullet. The sling bullet hits the jelly.
The jelly is almost dead.
The jelly barely misses you.
The endoplasm hits the fungus.
The fungus begins to die.
You shoot a sling bullet.
The sling bullet barely misses the jelly.
The sling bullet hits the endoplasm.
The endoplasm is heavily wounded.
The jelly hits you. The acid corrodes you!
You are splashed with acid.
The endoplasm hits the fungus. x3
The endoplasm jiggles.
The endoplasm hits the fungus.
The jelly barely misses you.
The endoplasm hits the fungus.
The endoplasm completely misses the fungus.
The jelly hits you but does no damage.
You shoot a sling bullet.
The sling bullet hits the jelly but does no damage.
The jelly is almost dead.
The jelly hits you. The acid corrodes you!
You are splashed with acid!
The jelly hits you. The acid corrodes you!
You are splashed with acid!
You die...

#..# ##'## ..# #..# #.#
### #..####### #.#
#........###.#####
##.###...........# #.#
#.#.#.####### ###.#
####### ####### ....#
##########JJ....#
##)#####......##@PJJ.PP#
...))##.....).#.#JJ....#
..#..)........#.#JJ.P%.#
#.#)))........#.#J.%%..#
..##.'......#'#.#..%.PP#
## #.##.....#.#.#%.....#
#####....#.#)#.%.PP.#
#######.##.....$# ###


You could see 2 jellies and 7 endoplasms.

Vanquished Creatures
  A jelly (D:3)
  Natasha (D:3)
  An adder (D:3)
  2 worms
  A dart slug (D:2)
  3 orcs (D:3)
  3 bats
  8 endoplasms
  2 giant cockroaches (D:1)
  5 goblins
  3 hobgoblins
  2 jackals (D:1)
  4 quokkas
  4 ball pythons (D:1)
  4 frilled lizards
  13 kobolds
  2 rats (D:1)
59 creatures vanquished.

Notes
Turn   | Place    | Note
-------+----------+-------------------------------------------
     0 | D:1      | qw the Gargoyle Hexslinger began the quest for the Orb.
     0 | D:1      | Reached XP level 1. HP: 12/12 MP: 2/2
     0 | D:1      | 0 ||| qw: Version: 0.3-a-46-gb1f654a
     0 | D:1      | 0 ||| qw: Game counter: 1258
     0 | D:1      | 0 ||| qw: Melee chars always use a shield: true
     0 | D:1      | 0 ||| qw: God list: Okawaru
     0 | D:1      | 0 ||| qw: Allow faded altars: false
     0 | D:1      | 0 ||| qw: Do Orc after clearing Dungeon:15 true
     0 | D:1      | 0 ||| qw: Do second Lair branch before Depths: true
     0 | D:1      | 0 ||| qw: Lair rune preference: random
     0 | D:1      | 0 ||| qw: Goals: Normal
     0 | D:1      | 0 ||| PLANNING D:1-11
    96 | D:1      | Reached XP level 2. HP: 16/16 MP: 3/3
   136 | D:1      | Reached skill level 3 in Ranged Weapons
   455 | D:1      | Reached XP level 3. HP: 21/21 MP: 4/4
   860 | D:1      | 860 ||| UPGRADING to +0 ring mail.
   870 | D:1      | 870 ||| DROPPING +0 robe.
   871 | D:1      | 871 ||| UPGRADING to +4 ring of protection.
   872 | D:1      | 872 ||| READING scroll labelled TIG JIXTUE.
   873 | D:1      | 873 ||| READING scroll labelled RITZYA CAYGRAD.
   874 | D:1      | 874 ||| READING scroll labelled UMEEWN LOLE.
   879 | D:1      | 879 ||| DROPPING scroll of poison.
  1483 | D:2      | Found Noniux's Magic Scroll Shoppe.
  1488 | D:2      | 1488 ||| BUYING 3 scrolls of identify (66 gold).
  1488 | D:2      | Bought 3 scrolls of identify for 66 gold pieces
  1488 | D:2      | 1488 ||| BUYING scroll of identify (22 gold).
  1488 | D:2      | Bought a scroll of identify for 22 gold pieces
  1488 | D:2      | 1488 ||| SHOPLISTING scroll of identify (22 gold, have 12).
  1488 | D:2      | 1488 ||| SHOPLISTING scroll of teleportation (33 gold, have
                  | 12).
  1546 | D:2      | 1546 ||| UPGRADING to ring of willpower.
  1547 | D:2      | 1547 ||| DRINKING 2 cyan potions.
  1548 | D:2      | 1548 ||| DRINKING 2 black potions.
  1549 | D:2      | 1549 ||| READING 4 scrolls of identify.
  1549 | D:2      | 1549 ||| IDENTIFYING brown potion
  1550 | D:2      | 1550 ||| READING 3 scrolls of identify.
  1550 | D:2      | 1550 ||| IDENTIFYING purple potion
  1551 | D:2      | 1551 ||| DROPPING potion of attraction.
  1552 | D:2      | 1552 ||| DROPPING potion of invisibility.
  1553 | D:2      | 1553 ||| DROPPING potion of degeneration.
  1663 | D:3      | Reached XP level 4. HP: 23/26 MP: 5/5
  1681 | D:3      | Noticed Natasha
  1688 | D:3      | Killed Natasha
  1689 | D:3      | Reached skill level 4 in Ranged Weapons
  1871 | D:3      | Found a faded altar of an unknown god.
  1891 | D:3      | Reached skill level 1 in Armour
  1981 | D:3      | Reached XP level 5. HP: 25/30 MP: 6/6
  1986 | D:3      | HP: 5/30 [acid (8)]
  1986 | D:3      | Splashed by a jelly's acid

Levels and vault maps discovered:
D:1:      heliophobic_arrival_glass_houses, layout_loops_ring, st_stairs_11
D:2:      layout_basic, serial_shops, nicolae_shop_pleasant_corner_grove,
          bh_walls_and_bars
D:3:      cheibrodos_fertilizer, layout_loops_corners, lemuel_tele_altar,
          ebering_ecumenical_altar_petrified, uniq_natasha, uniq_terence,
          uniq_crazy_yiuf_cottage

Skill      XL: |  1  2  3  4 |
---------------+-------------+-----
Ranged Weapons | 3 4 |  4.8
Fighting       | 2 |  2.0
Armour         | 1 |  1.0
Dodging        | |  1.5
Spellcasting   | |  1.0
Hexes          | |  2.6

Action                     |  1- 3 |  4- 6 || total
---------------------------+-------+-------++-------
   Fire: Sling             |   145 |    95 ||   240
    Use: Scroll            |     5 |       ||     5
         Potion            |     2 |       ||     2
 Armour: Robe              |    15 |       ||    15
         Ring mail         |    15 |    62 ||    77
  Dodge: Dodged            |    52 |    60 ||   112

Table legend:
 A = Non-vault XP
 B = Vault XP
 C = Vault XP percentage of total XP
 D = Non-vault monster count
 E = Vault monster count
 F = Vault count percentage of total count
                 A         B        C        D         E       F
            +---------+---------+-------+---------+---------+-------
      Total |      99 |     101 |  50.5 |      46 |      13 |  22.0
            +---------+---------+-------+---------+---------+-------
        D:1 |      42 |       6 |  12.5 |      27 |       3 |  10.0
        D:2 |      23 |       0 |   0.0 |      10 |       0 |   0.0
        D:3 |      34 |      95 |  73.6 |       9 |      10 |  52.6
            +---------+---------+-------+---------+---------+-------
